 Dungeon Crawl Stone Soup version 0.32-a0-909-gc671339a80 (webtiles) character file.

Game seed: 13735149816598118116

1559 decrepitue the Changeling (level 8, -1/57 HPs)
             Began as an Octopode Shapeshifter on Apr 7, 2024.
             Was a Follower of Makhleb.
             Slain by an orc wizard
             ... wielding a +0 dagger
              (4 damage)
             ... on level 6 of the Dungeon.
             The game lasted 00:08:49 (4831 turns).

decrepitue the Changeling (Octopode Shapeshifter)   Turns: 4831, Time: 00:08:50

Health: -1/57      AC:  1    Str: 21    XL:     8   Next: 89%
Magic:  17/17      EV: 12    Int: 12    God:    Makhleb [*.....]
Gold:   265        SH:  0    Dex: 12    Spells: 7/7 levels left

rFire   + .          .
                       - Unarmed
rCold   . . .        (no shield)
rNeg    + . .        (helmet currently unavailable)
rPois   .            (no amulet)
rElec   .            g - ring of wizardry
rCorr   .            n - ring of positive energy
SInv    .            s - ring of protection from fire
Will    .....        h - ring of magical power
Stlth   ++           t - +6 ring of strength
HPRegen 0.29/turn    (no ring)
MPRegen 0.15/turn    (no ring)
                     (no ring)

%: wizardry (x1)
@: confused, beast-form
A: beast (slay +4), almost no armour, amphibious, 8 rings, camouflage 1,
gelatinous body 1, (nimble swimmer 1), tentacles
a: Begin Untransformation, Renounce Religion


You were on level 6 of the Dungeon.
You worshipped Makhleb.
Makhleb was aware of your devotion.
You were a hulking beast.
You visited 2 branches of the dungeon, and saw 7 of its levels.
You also visited: Sewer.

You collected 265 gold pieces.

Inventory:

Armour
 y - a +1 hat
Jewellery
 g - a ring of wizardry (left tentacle)
 h - a ring of magical power (on tentacle)
 n - a ring of positive energy (right tentacle)
 s - a ring of protection from fire (on tentacle)
 t - a +6 ring of strength (on tentacle)
Talismans
 b - a beast talisman (active)
 c - a flux talisman
Scrolls
 e - a scroll of amnesia {unknown}
 j - 3 scrolls of fear {unknown}
 k - 8 scrolls of teleportation
 l - 2 scrolls of fog {unknown}
 o - a scroll of vulnerability {unknown}
 r - a scroll of enchant weapon {unknown}
 w - a scroll of immolation {unknown}
 x - a scroll of enchant armour {unknown}
Potions
 a - a potion of lignification
 d - 2 potions of might
 f - 2 potions of haste {unknown}
 i - 2 potions of mutation {unknown}
 m - 2 potions of resistance
 p - a potion of curing
 q - a potion of heal wounds {unknown}
 u - 2 potions of enlightenment {unknown}
 v - 3 potions of invisibility {unknown}
 z - a potion of magic {unknown}
 A - a potion of attraction {unknown}
 B - 2 potions of cancellation {unknown}


   Skills:
 + Level 6.1 Fighting
 - Level 2.0 Dodging
 + Level 6.1 Unarmed Combat
 * Level 1.2 Invocations
 + Level 7.1 Shapeshifting


You had 7 spell levels left.
You didn't know any spells.
Your spell library contained the following spells:

 Spells                   Type           Power      Damage    Failure   Level
 Apportation              Tloc           0%         N/A       13%         1
 Jinxbite                 Hex            0%         N/A       21%         2
 Alistair's Intoxication  Alch           0%         N/A       97%         5


Dungeon Overview and Level Annotations

Branches:
Dungeon (6/15)             Temple (1/1) D:5           Sewer (visited)

Altars:
Ashenzari
Cheibriados
Dithmenos
Elyvilon
Fedhas
Hepliaklqana
Kikubaaqudgha
Makhleb
Nemelex Xobeh
Qazlal
Ru
Sif Muna
Trog
Uskayaw
Vehumet
Xom
Zin


Innate Abilities, Weirdness & Mutations

You are a hulking beast.
Your limbs bulge with bestial killing power. (Slay +4)
You cannot wear most types of armour.
You are amphibious.
You can wear up to eight rings at the same time.
Your skin changes colour to match your surroundings (Stealth+).
Your rubbery body absorbs attacks. (AC +1, EV +1)
((You are camouflaged when in or above water. (Stealth+)))
You have tentacles for arms and can constrict up to eight enemies at once.


Message History

Unknown command.
You tentacle-slap the orc warrior. You squeeze the orc warrior.
The orc warrior is almost dead.
You constrict the orc warrior, but do no damage.
The orc warrior barely misses you.
The orc priest looks braver for a moment.
The orc hits you with a +0 short sword.
Unknown command.
Unknown command.
You tentacle-slap the orc warrior but do no damage.
You squeeze the orc warrior, but do no damage.
The orc warrior is almost dead.
You constrict the orc warrior.
You kill the orc warrior!
Makhleb accepts your kill. The orc misses you.
The orc hits you with a +0 war axe.
Your Invocations skill increases to level 1!
Unknown command.
The orc attacks as it pursues you! The orc hits you with a +0 short sword.
Unknown command.
Items here: )) [ ††.
Unknown command.
Unknown command.
Something hits you.
You hear some strange, mumbled words.
Something tries to affect you, but you resist.
You hear some strange, mumbled words.
You are confused.
You're too confused to move!
Something hits you.
The orc priest mumbles some strange prayers to Beogh against you.
Beogh smites you!
* * * LOW HITPOINT WARNING * * *
A magic dart appears from out of thin air!
The magic dart hits you!
* * * LOW HITPOINT WARNING * * *
Unknown command.
Unknown command.
Okay, then.
Something hits you.
You die...

#....##..# #.# ###>.#
#.......## #.####...##
#....#### #.....>....
###...# #####)#..## #..#.#
#..#..# ...##.#
##########.#...## .... ...
................ ..###
#.########.............. ..
####.#.lo{h...........##..#
#...ooo####...........###..
##.##.### #...........####.
.###..##.#
#...##...........
.......#)#
#..)##(..........
......o#.#
#...##......>...#
.....o)oo#
############..###
..........# ##.<##
...)...#..# ##...


You could see an orc warrior, an iguana, an orc priest and 2 orcs.

Vanquished Creatures
  Sigmund (D:2)
  Pargi (Sewer)
  An orc warrior (D:6)
  An ice beast (D:5)
  2 ogres
  2 phantoms
  A brain worm (Sewer)
  2 scorpions
  A howler monkey (D:5)
  2 bombardier beetles (D:5)
  2 jellies
  An orc priest (D:6)
  2 hounds
  4 iguanas
  Jessica (D:2)
  A sleepcap (D:5)
  An orc wizard (D:6)
  5 adders
  2 shadow imps
  2 white imps (D:6)
  2 ufetubi (D:6)
  2 ribbon worms
  4 orcs
  13 ball pythons
  5 bats
  13 endoplasms
  8 giant cockroaches
  7 hobgoblins
  12 jackals
  2 quokkas (D:5)
  6 frilled lizards
  4 goblins
  9 kobolds
  6 rats
128 creatures vanquished.

Notes
Turn   | Place    | Note
-------+----------+-------------------------------------------
     0 | D:1      | decrepitue the Octopode Shapeshifter began the quest for
                  | the Orb.
     0 | D:1      | Reached XP level 1. HP: 13/13 MP: 1/1
   115 | D:1      | Reached XP level 2. HP: 18/18 MP: 2/2
   323 | D:1      | Reached XP level 3. HP: 24/24 MP: 3/3
   650 | D:2      | Found a faded altar of an unknown god.
   811 | D:2      | Found an ancient bone altar of Kikubaaqudgha.
   862 | D:2      | Noticed Sigmund
   993 | D:2      | Reached XP level 4. HP: 27/30 MP: 4/4
  1050 | D:2      | Noticed Jessica
  1066 | D:2      | Killed Jessica
  1303 | D:2      | Killed Sigmund
  1304 | D:2      | Reached skill level 5 in Unarmed Combat
  1304 | D:2      | Reached XP level 5. HP: 26/37 MP: 5/5
  1304 | D:2      | Reached XP level 6. HP: 30/43 MP: 6/6
  2391 | D:4      | Reached skill level 5 in Fighting
  2391 | D:4      | Reached XP level 7. HP: 33/50 MP: 7/7
  3182 | D:4      | Identified the +1 ring mail of Darr {Int+5}
  3240 | D:5      | Entered Level 5 of the Dungeon
  3299 | D:5      | Reached skill level 4 in Shapeshifting
  3424 | D:5      | Found a staircase to the Ecumenical Temple.
  3435 | Temple   | Entered the Ecumenical Temple
  3464 | Temple   | Became a worshipper of Makhleb the Destroyer
  3768 | D:5      | Reached XP level 8. HP: 55/57 MP: 8/8
  3790 | D:5      | Reached skill level 5 in Shapeshifting
  3922 | D:5      | Found a glowing drain.
  3930 | Sewer    | Entered a sewer
  4103 | Sewer    | Noticed Pargi
  4109 | Sewer    | Reached skill level 6 in Shapeshifting
  4114 | Sewer    | Killed Pargi
  4386 | D:5      | Found a snail-covered altar of Cheibriados.
  4660 | D:6      | Reached * piety under Makhleb
  4738 | D:6      | Reached skill level 7 in Shapeshifting
  4817 | D:6      | Reached skill level 1 in Invocations
  4830 | D:6      | HP: 2/57 [something/magic dart (9)]
  4831 | D:6      | Slain by an orc wizard

Illustrated notes

Levels and vault maps discovered:
D:1:      dpeg_arrival_fog, layout_loops_ring
D:2:      layout_basic, dreamdust_ecumenical_altar_statues, basic_altar,
          hangedman_decor_points, uniq_sigmund, uniq_jessica
D:3:      layout_loops_ring, amcnicky_mini_pool_small
D:4:      layout_gridville
D:5:      layout_basic, cheibriados_altar_1, minmay_temple_entry_large_hall,
          gup_sewer_entry_bubbles
D:6:      layout_rooms
Temple:   kb_temple_of_zot

Skill      XL: |  1  2  3  4  5  6  7  8 |
---------------+-------------------------+-----
Fighting       | 2 4 5 6 |  6.1
Unarmed Combat | 5 6 |  6.1
Shapeshifting  | 4 7 |  7.1
Invocations    | 1 |  1.2
Dodging        | |  2.0

Action                     |  1- 3 |  4- 6 |  7- 9 || total
---------------------------+-------+-------+-------++-------
  Melee: Unarmed           |    74 |    57 |   121 ||   252
         Constrict         |    18 |    14 |    28 ||    60
         Tentacles         |    14 |    13 |    30 ||    57
         Punch             |     1 |     2 |     5 ||     8
    Use: Scroll            |       |     5 |       ||     5
         Potion            |       |       |     1 ||     1
   Stab: Sleeping          |     2 |     6 |     4 ||    12
 Armour: Skin              |    31 |    29 |    60 ||   120
  Dodge: Dodged            |    54 |    15 |    59 ||   128

Table legend: (Time is in decaauts)
 A = Elapsed time spent in this place.
 B = Non-inter-level travel time spent in this place.
 C = Inter-level travel time spent in this place.
 D = Time resting spent in this place.
 E = Time spent auto-exploring this place.
 F = Levels seen in this place.
 G = Mean time per level.
                   A        B        C        D        E       F      G
               +--------+--------+--------+--------+--------+-----+--------+
         Total |   4803 |   4447 |    356 |    208 |   2990 |   8 |  600.4 |
       Dungeon |   4422 |   4118 |    304 |    208 |   2752 |   6 |  737.0 |
        Temple |     58 |      6 |     52 |      0 |      0 |   1 |   58.0 |
         Sewer |    322 |    322 |      0 |      0 |    238 |   1 |  322.0 |
               +--------+--------+--------+--------+--------+-----+--------+

Top non-repeatable levels by time:
     D:4: 1114 daAuts
     D:5: 841 daAuts
     D:3: 747 daAuts
     D:1: 709 daAuts
     D:2: 653 daAuts
     D:6: 356 daAuts
   Sewer: 322 daAuts
  Temple: 58 daAuts
